 Dungeon Crawl Stone Soup version 0.28.0-62-gf88900778d (webtiles) character file.

Game seed: 13325457904212589752

151 cbfl8 the Covered (level 5, 0/46 HPs)
             Began as a Minotaur Fighter on June 30, 2023.
             Slain by an ogre
             ... wielding a +0 giant club
              (29 damage)
             ... on level 4 of the Dungeon.
             The game lasted 00:02:30 (3583 turns).

cbfl8 the Covered (Minotaur Fighter)                Turns: 3583, Time: 00:02:32

Health: 0/46       AC:  9    Str: 21    XL:     5   Next: 11%
Magic:  4/4        EV:  7    Int:  5    God:
Gold:   137        SH:  4    Dex: 11    Spells: 4/4 levels left

rFire   + . .      SeeInvis .   a - +0 war axe
rCold   . . .      Faith    .   c - +0 buckler
rNeg    . . .      Spirit   .   k - +0 chain mail
rPois   .          Reflect  .   (helmet restricted)
rElec   .          Harm     .   (no cloak)
rCorr   .          Rampage  .   (no gloves)
Will    .....                   (no boots)
Stlth   ..........              (no amulet)
HPRegen 0.15/turn               o - ring of protection from fire
MPRegen 0.09/turn               (no ring)

@: mighty
A: horns 2, retaliatory headbutt
a: no special abilities


You were on level 4 of the Dungeon.
You visited 1 branch of the dungeon, and saw 4 of its levels.

You collected 137 gold pieces.

Inventory:

Hand Weapons
 a - a +0 war axe (weapon)
Armour
 c - a +0 buckler (worn)
 k - a +0 chain mail (worn)
Jewellery
 o - a ring of protection from fire (left hand)
Scrolls
 b - 2 scrolls of magic mapping {unknown}
 i - 3 scrolls of identify {unknown}
 j - a scroll of teleportation {unknown}
 n - a scroll of immolation {unknown}
 p - a scroll of fear {unknown}
 q - 2 scrolls of brand weapon {unknown}
Potions
 e - a potion of lignification {unknown}
 f - a potion of cancellation {unknown}
 g - a potion of haste {unknown}
 h - a potion of curing {unknown}
 l - a potion of magic {unknown}
 m - 2 potions of flight {unknown}


   Skills:
 + Level 3.9 Fighting
 * Level 4.0 Axes
 + Level 4.3 Armour
 * Level 1.5 Dodging
 * Level 1.0 Stealth
 + Level 3.9 Shields
 * Level 1.2 Invocations
 * Level 1.3 Evocations


You had 4 spell levels left.
You didn't know any spells.
Your spell library was empty.

Dungeon Overview and Level Annotations

Branches:
Dungeon (4/15)
 Temple: D:4-7

Altars:

Shops:
D:3 :


Innate Abilities, Weirdness & Mutations

You have a pair of horns on your head.
You reflexively headbutt those who attack you in melee.


Message History

There is a stone staircase leading down here.
There is an entrance to Cantec's Book Emporium here.
You can access your shopping list by pressing '$'.
You enter the shallow water.
Moving in this stuff is going to be slow.
There is a stone staircase leading down here.
You climb downwards.
The ball python hisses angrily.
There is a stone staircase leading up here.
A ball python is nearby!
An orc comes into view. It is wielding a +0 mace.
The orc shouts!
You hear a shout! x2
There are monsters nearby!
An orc comes into view. It is wielding a +0 dagger.
The orc shouts!
There are monsters nearby!
An orc comes into view.
It is wielding a +0 flail and wearing a +0 chain mail of cold resistance.
The orc shouts!
An ogre comes into view. It is wielding a +0 giant club.
You slash the ball python!
You kill the ball python!
There are monsters nearby!
You slash the orc!
You kill the orc!
Your Axes skill increases to level 4!
The orc barely misses you. You furiously retaliate!
You headbutt the orc!
You kill the orc!
Unknown command.
Found an emerald potion.
The ogre hits you with a +0 giant club! The orc closely misses you.
Things that are here:
a +0 dagger; an orc corpse You feel very mighty all of a sudden.
The ogre barely misses you. You block the orc's attack.
You slice the ogre!! Your headbutt misses the ogre.
The ogre is severely wounded.
You barely miss the orc. The orc hits you but does no damage.
The ogre hits you with a +0 giant club!!
Ouch! That really hurt!
You die...

#.........###
#............
#..........#
.##..........#
.............#.#
.............#.#
......oO.......#
......#@.......#
......)........#
#.....#.....##.
#.....#......#
#.... ##....##
#..!. #..<.#
#### ####.# ...
####


You could see an ogre and an orc.

Vanquished Creatures
  An iguana (D:2)
  3 gnolls
  An adder (D:3)
  A worm (D:3)
  9 dart slugs (D:3)
  5 orcs
  5 ball pythons
  7 endoplasms
  2 giant cockroaches (D:3)
  4 goblins
  A hobgoblin (D:1)
  3 jackals (D:1)
  A quokka (D:1)
  5 bats
  A frilled lizard (D:2)
  6 kobolds
  6 rats
61 creatures vanquished.

Notes
Turn   | Place    | Note
-------+----------+-------------------------------------------
     0 | D:1      | cbfl8 the Minotaur Fighter began the quest for the Orb.
     0 | D:1      | Reached XP level 1. HP: 19/19 MP: 0/0
   234 | D:1      | Found a faded altar of an unknown god.
   249 | D:1      | Reached XP level 2. HP: 23/27 MP: 1/1
  1176 | D:2      | Reached skill level 1 in Dodging
  1348 | D:2      | Reached XP level 3. HP: 33/33 MP: 2/2
  1949 | D:2      | Reached skill level 1 in Evocations
  2013 | D:2      | Reached XP level 4. HP: 37/40 MP: 3/3
  2538 | D:3      | Reached skill level 1 in Stealth
  2802 | D:3      | Reached skill level 1 in Invocations
  2872 | D:3      | Reached XP level 5. HP: 24/46 MP: 4/4
  3088 | D:3      | Found Cantec's Book Emporium.
  3577 | D:4      | Noticed an ogre
  3583 | D:4      | Slain by an ogre

Illustrated notes

Levels and vault maps discovered:
D:1:      lightli_arrival_windingriver, layout_basic, basic_ecumenical_altar,
          kennysheep_minor_cross
D:2:      layout_loops_ring, st_stairs_12
D:3:      kennysheep_slugbush, layout_loops_ring, serial_shops,
          nicolae_shop_waterfront, minmay_vboxes
D:4:      minmay_diamond_boxcup, layout_basic, temple_pool_b, serial_shops, shop

Skill      XL: |  1  2  3  4  5 |
---------------+----------------+-----
Dodging        | 1 |  1.5
Axes           | 3 4 |  4.0
Evocations     | 1 |  1.3
Armour         | 4 |  4.3
Stealth        | 1 |  1.0
Invocations    | 1 |  1.2
Fighting       | |  3.9
Shields        | |  3.9

Action                   |  1- 3 |  4- 6 || total
-------------------------+-------+-------++-------
Melee: War axe           |    64 |    63 ||   127
       Headbutt          |    12 |     9 ||    21
  Use: Potion            |       |     1 ||     1
Armor: Scale mail        |    17 |       ||    17
       Chain mail        |    18 |    42 ||    60
Dodge: Dodged            |    24 |    21 ||    45
Block: Buckler           |    15 |    14 ||    29
